tertium, neutral male human Tourist --- |.-- --..| --- .--...----------.-- ....V..(.....).)... --@s...^...)....... -.............---. .........<..(.| .........---.- ......(.| .....--- ...-- tertium the Excursionist Experience level: 6 Strength: 14 Dexterity: 12 Constitution: 17 Intelligence: 11 Wisdom: 8 Charisma: 17 Health: 0(53) Energy: 20(20) AC: 3 Gold: 1371 Moves: 5753 Your Inventory: Coins $ - 1371 gold pieces Weapons a - 4 uncursed [+0] daggers (wielded) b - 25 +2 darts (in quiver) Armor p - an uncursed +0 pair of riding gloves [leather] v - a blessed +0 studded leather armor (being worn) x - an uncursed +0 pair of elven boots (being worn) z - an uncursed +0 pair of riding gloves [leather] (being worn) C - an uncursed +0 iron skull cap [orcish helm] (being worn) D - an uncursed +0 small shield (being worn) L - an [uncursed +0] hooded cloak [dwarvish] P - an uncursed +0 pair of hiking boots [water walking] Y - an uncursed +0 hooded cloak [dwarvish] (being worn) Comestibles c - 5 uncursed food rations d - an uncursed banana n - 2 uncursed pears E - an uncursed carrot H - 2 uncursed lichen corpses N - 2 uncursed fortune cookies Scrolls i - 5 uncursed scrolls of magic mapping o - 2 uncursed scrolls called identify [of identify] y - a blessed scroll called KI 60?80? [of enchant armor] K - 2 uncursed scrolls called EL 80 [of remove curse] O - an uncursed scroll called HAP 200? [of stinking cloud] Potions u - a blessed potion called object detection [of object detection] A - a cursed potion of extra healing F - an uncursed potion called object detection [of object detection] J - an uncursed magenta potion [of fruit juice] X - an uncursed sky blue potion [of levitation] Rings h - an uncursed ridged ring [of fire resistance] R - a [cursed -3] plain ring [of gain dexterity] T - a cursed [-2] quartz ring [of gain intelligence] Wands Q - an uncursed wand of polymorph [0:4] Tools e - an uncursed [+0] pick-axe g - an uncursed tin whistle k - an expensive camera (0:46) l - an uncursed [oil] lamp called oil (lit) s - an uncursed key [skeleton key] I - an uncursed bag of tricks [0:16] V - an uncursed leash Gems M - an [uncursed] green gem [worthless glass] Spells known in the end: Name Level Category Fail Memory a - detect food 2 divination 100% [||||||..] Your skills at the end: Fighting Skills Weapon Skills dagger [Basic / Expert] dart [Basic / Expert] Spellcasting Skills Final Attributes: You were piously aligned. Hunger level was 277. Your alignment was 38 / 38. Monster difficulty range was 1 - 7. Level difficulty was 8. You were stealthy. Your luck was zero. You are dead. Vanquished creatures: 2 watchmen 2 leprechauns a gnome king a dwarf lord 2 mountain nymphs 2 shriekers 5 gnome lords 3 gnomish wizards 2 red naga hatchlings a gray ooze a baby crocodile a little dog 5 dwarves a homunculus 3 hill orcs 3 rothes 2 giant bats 5 monkeys 4 dwarf zombies 2 wererats a werejackal 3 iguanas 2 hobbits 4 manes a hobgoblin 2 giant rats a cave spider 33 gnomes a garter snake a gnome zombie 2 geckos 4 jackals 3 foxes a kobold 2 goblins 2 sewer rats 6 grid bugs a bat 4 lichens a kobold zombie 8 newts 131 creatures vanquished. Voluntary challenges: You used a wielded weapon 106 times. You read items or engraved 2 times. You put on armor 28 times. You never genocided any monsters. You never polymorphed an object. You never changed form. You used no wishes. You abstained from Elbereth's help. You never encountered a bones level. You never used any Sokoban shortcuts. Dungeon overview: The Dungeons of Doom: levels 1 to 5 Level 1 a fountain a long staircase Level 2 a general store, many fountains Level 3 a scroll shop, a fountain, a sink Level 4 stairs to The Gnomish Mines The Gnomish Mines: levels 5 to 8 Level 5 stairs to The Dungeons of Doom Level 7 many shops, a temple, a magic chest, some fountains, a sink Level 8 <- You were here History has recorded: On T:1 you entered the Dungeons of Doom to retrieve the Amulet of Yendor! On T:174 you reached level 2 of The Dungeons of Doom. On T:755 you advanced to experience level 2. On T:792 you reached level 3 of The Dungeons of Doom. On T:1064 you advanced to experience level 3. On T:1123 you reached level 4 of The Dungeons of Doom. On T:1863 you reached level 5 of The Dungeons of Doom. On T:2198 you reached level 1 of The Gnomish Mines. On T:2621 you advanced to experience level 4. On T:3370 you reached level 2 of The Gnomish Mines. On T:3710 you advanced to experience level 5. On T:3972 you reached level 3 of The Gnomish Mines. On T:4573 you advanced to experience level 6. On T:5287 you reached level 4 of The Gnomish Mines. Latest messages: You remove the leash from your vampire. [2 turns] [HP+1=41] You see here a crude ring mail. [2 turns] You have a little trouble lifting R - a plain ring. You see here a crude ring mail. [HP+1=42] [2 turns] The vampire puts on a crude ring mail. [2 turns] The giant spider bites! [HP-4=38] You hit it. The giant spider bites! [HP-4=34] The giant spider bites! (2x) [HP-6=28] [2 turns] The giant spider bites! The giant spider's bite was poisoned! The giant spider bites! You die... Final status: Aloha tertium the Tourist... You died in The Gnomish Mines on dungeon level 8 with 1146 points, and 1371 pieces of gold, after 5753 moves. You were level 6 with a maximum of 53 hit points when you died.